AoeStats
← Heisenberg

Arabia

509729845Analyzed
1v1 RM · 3d ago on Sep 27, 2026· 24m 27s· 2 players
Game mode
Random Map
Map size
Tiny (2 player)
Population
200
Speed
Normal
Resources
Standard
Victory
Conquest
Starting age
Dark Age
Ending age
Imperial Age
RankedLock teamsTeams togetherTeam positionsShared explorationLock speedFull tech treeHidden civsTurbo modeCheats
Victory
Defeat
🇩🇪 Mongols · Germany
1504
+20
🇫🇷 Portuguese · France
1585
-20
Heisenberg
8:10 Feudal Age
8:44 Double-Bit Axe
9:55 Loom
12:45 Horse Collar
19:03 Castle Age
18:07 Bloodlines
20:00 Scale Barding Armor
20:19 Forging
20:53 Bow Saw
Maltimus
8:27 Feudal Age
9:16 Loom
10:54 Town Watch
11:06 Double-Bit Axe
19:36 Castle Age
18:03 Fletching
19:43 Crossbowman
20:19 Bodkin Arrow
22:40 Horse Collar
Connection lost

Rejoining the realm…

Still unreachable

The connection could not be restored.

Session expired

The server has moved on; the page needs a fresh start.